 Dungeon Crawl Stone Soup version 0.23-a0-556-g351818a (webtiles) character file.

143 CougarLife the Shield-Bearer (level 5, -2/47 HPs)
             Began as a Gnoll Fighter on Dec 10, 2018.
             Slain by Grinder (3 damage)
             ... while paralysed by Grinder
             ... on level 3 of the Dungeon.
             The game lasted 00:01:54 (1532 turns).

CougarLife the Shield-Bearer (Gnoll Fighter)        Turns: 1532, Time: 00:01:54

Health: -2/47      AC:  7    Str: 19    XL:     5   Next: 25%
Magic:  7/7        EV:  2    Int: 11    God:
Gold:   185        SH:  0    Dex: 14    Spells: 6/6 levels left

rFire    . . .     SeeInvis .   a - +0 war axe
rCold    + . .     Gourm    .   c - +0 shield
rNeg     . . .     Faith    .   b - +0 scale mail
rPois    .         Spirit   .   (no helmet)
rElec    .         Reflect  .   (no cloak)
rCorr    .         Harm     .   (no gloves)
MR       .....                  (no boots)
Stlth    ..........             (no amulet)
HPRegen  0.15/turn              g - ring of protection from cold
MPRegen  0.10/turn              (no ring)

@: paralysed, slowed
A: distributed training, fangs 1, strong nose
a: no special abilities


You were on level 3 of the Dungeon.
You were not hungry.

You visited 1 branch of the dungeon, and saw 3 of its levels.

You collected 185 gold pieces.

Inventory:

Hand Weapons
 a - a +0 war axe (weapon)
Armour
 b - a +0 scale mail (worn)
 c - a +0 shield (worn)
Jewellery
 g - a ring of protection from cold (left hand)
 r - an uncursed amulet of the gourmand {unknown}
Scrolls
 h - 2 scrolls of identify {unknown}
 j - a scroll of remove curse {unknown}
 m - 2 scrolls of teleportation {unknown}
 n - 2 scrolls of enchant weapon {unknown}
 o - a scroll of fog {unknown}
 t - a scroll of enchant armour {unknown}
Potions
 d - a potion of might
 e - 2 potions of cancellation {unknown}
 i - a potion of invisibility {unknown}
 k - a potion of heal wounds {unknown}
 l - a potion of lignification {unknown}
 p - a potion of haste
 q - 2 potions of curing {unknown}
 u - a potion of brilliance {unknown}
Comestibles
 f - 2 rations
 s - 4 chunks of flesh


   Skills:
 + Level 6.6 Fighting
 + Level 1.4 Short Blades
 + Level 1.4 Long Blades
 + Level 4.7 Axes
 + Level 1.4 Maces & Flails
 + Level 1.4 Polearms
 + Level 1.4 Staves
 + Level 1.4 Slings
 + Level 1.4 Bows
 + Level 1.4 Crossbows
 + Level 1.4 Throwing
 + Level 6.6 Armour
 + Level 1.4 Dodging
 + Level 1.4 Stealth
 + Level 6.6 Shields
 + Level 1.4 Unarmed Combat
 + Level 1.4 Spellcasting
 + Level 1.1 Conjurations
 + Level 1.1 Hexes
 + Level 1.1 Charms
 + Level 1.1 Summonings
 + Level 1.1 Necromancy
 + Level 1.1 Translocations
 + Level 1.1 Transmutations
 + Level 1.1 Fire Magic
 + Level 1.1 Ice Magic
 + Level 1.1 Air Magic
 + Level 1.1 Earth Magic
 + Level 1.1 Poison Magic
 + Level 1.5 Invocations
 + Level 1.4 Evocations


You had 6 spell levels left.
You didn't know any spells.
Your spell library contained the following spells:

 Spells                   Type           Power        Failure   Level  Hunger
 Animate Skeleton         Necr           N/A          85%         1    ##.....
 Apportation              Tloc           #.....       85%         1    ##.....
 Confusing Touch          Hex            #.....       85%         1    ##.....
 Summon Small Mammal      Summ           #...         85%         1    ##.....


Dungeon Overview and Level Annotations

Branches:
Dungeon (3/15)

Altars:

Annotations:
D:3 Grinder


Innate Abilities, Weirdness & Mutations

Your experience applies equally to all skills.
You have very sharp teeth.
Your uncanny sense of smell can sniff out nearby items.


Message History

You hit Grinder.
Grinder is almost dead.
Grinder closely misses you.
Grinder blinks!
Some of the chunks of flesh in your inventory have rotted away.
Found a long sword.
You hit Grinder but do no damage. You bite Grinder, but do no damage.
Grinder is almost dead.
Grinder gestures at you.
You suddenly lose the ability to move!
Grinder hits you.
* * * LOW HITPOINT WARNING * * *
You writhe in agony.
* * * LOW HITPOINT WARNING * * *
Grinder hits you.
* * * LOW HITPOINT WARNING * * *
You writhe in agony.
* * * LOW HITPOINT WARNING * * *
Grinder gestures at you.
You shrug off the repeated paralysis!
Grinder hits you.
You die...

#....# # ....#.# ) ## ...#. ∆
.$#.. ... ##### .... #)####
##≈≈≈≈ #... #.##.###≈≈≈≈≈
##..######†##........≈
..#.....................
.......@....##......≈≈..
..#.....5...##.....≈..≈≈
#.........##.....≈....
#.........##......≈≈⌠.
#.........##.......⌠≈≈
.........(.##....≈≈....
#########.##.########...≈..≈≈..
....... #. #. #...÷....≈≈
....... #....≈≈....


You could see Grinder.

Vanquished Creatures
  Natasha (D:3)
  Terence (D:3)
  5 adders
  A worm (D:3)
  A dart slug (D:1)
  2 leopard geckos (D:2)
  2 orcs (D:3)
  A giant cockroach (D:2)
  4 goblins
  2 hobgoblins
  A quokka (D:3)
  A ball python (D:2)
  7 bats
  7 frilled lizards
  6 kobolds
  5 rats (D:1)
47 creatures vanquished.

Notes
Turn   | Place    | Note
-------+----------+-------------------------------------------
     0 | D:1      | CougarLife the Gnoll Fighter began the quest for the Orb.
     0 | D:1      | Reached XP level 1. HP: 23/23 MP: 1/1
   205 | D:1      | Reached XP level 2. HP: 29/29 MP: 2/2
   484 | D:2      | Reached XP level 3. HP: 34/35 MP: 3/3
   634 | D:2      | Reached skill level 1 in Invocations
  1002 | D:2      | Reached skill level 1 in Short Blades
  1002 | D:2      | Reached skill level 1 in Long Blades
  1002 | D:2      | Reached skill level 1 in Maces & Flails
  1002 | D:2      | Reached skill level 1 in Polearms
  1002 | D:2      | Reached skill level 1 in Staves
  1002 | D:2      | Reached skill level 1 in Slings
  1002 | D:2      | Reached skill level 1 in Bows
  1002 | D:2      | Reached skill level 1 in Crossbows
  1002 | D:2      | Reached skill level 1 in Throwing
  1002 | D:2      | Reached skill level 1 in Dodging
  1002 | D:2      | Reached skill level 1 in Stealth
  1002 | D:2      | Reached skill level 1 in Unarmed Combat
  1002 | D:2      | Reached skill level 1 in Spellcasting
  1002 | D:2      | Reached skill level 1 in Evocations
  1010 | D:2      | Reached XP level 4. HP: 41/41 MP: 5/5
  1164 | D:3      | Noticed Terence
  1174 | D:3      | Killed Terence
  1174 | D:3      | Reached skill level 1 in Conjurations
  1174 | D:3      | Reached skill level 1 in Hexes
  1174 | D:3      | Reached skill level 1 in Charms
  1174 | D:3      | Reached skill level 1 in Summonings
  1174 | D:3      | Reached skill level 1 in Necromancy
  1174 | D:3      | Reached skill level 1 in Translocations
  1174 | D:3      | Reached skill level 1 in Transmutations
  1174 | D:3      | Reached skill level 1 in Fire Magic
  1174 | D:3      | Reached skill level 1 in Ice Magic
  1174 | D:3      | Reached skill level 1 in Air Magic
  1174 | D:3      | Reached skill level 1 in Earth Magic
  1174 | D:3      | Reached skill level 1 in Poison Magic
  1463 | D:3      | Reached XP level 5. HP: 46/47 MP: 6/6
  1495 | D:3      | Noticed Grinder
  1496 | D:3      | Noticed Natasha
  1519 | D:3      | Killed Natasha
  1529 | D:3      | Paralysed by Grinder for 7 turns
  1530 | D:3      | HP: 1/47 [Grinder (2)]
  1532 | D:3      | Slain by Grinder

Vault maps used:
D:1:      tarquinn_simple_flora_water_e
D:2:      corner_web_ring
D:3:      cheibrodos_helix_gallery, nicolae_ru_path_of_blood, vehumet_crystals,
          uniq_grinder, uniq_natasha, uniq_terence

Skill      XL: |  1  2  3  4 |
---------------+-------------+-----
Invocations    | 1 |  1.5
Short Blades   | 1 |  1.4
Long Blades    | 1 |  1.4
Maces & Flails | 1 |  1.4
Polearms       | 1 |  1.4
Staves         | 1 |  1.4
Slings         | 1 |  1.4
Bows           | 1 |  1.4
Crossbows      | 1 |  1.4
Throwing       | 1 |  1.4
Dodging        | 1 |  1.4
Stealth        | 1 |  1.4
Unarmed Combat | 1 |  1.4
Spellcasting   | 1 |  1.4
Evocations     | 1 |  1.4
Conjurations   | 1 |  1.1
Hexes          | 1 |  1.1
Charms         | 1 |  1.1
Summonings     | 1 |  1.1
Necromancy     | 1 |  1.1
Translocations | 1 |  1.1
Transmutations | 1 |  1.1
Fire Magic     | 1 |  1.1
Ice Magic      | 1 |  1.1
Air Magic      | 1 |  1.1
Earth Magic    | 1 |  1.1
Poison Magic   | 1 |  1.1
Fighting       | |  6.6
Axes           | |  4.7
Armour         | |  6.6
Shields        | |  6.6

Action                   |  1- 3 |  4- 6 || total
-------------------------+-------+-------++-------
Melee: War axe           |    69 |    70 ||   139
       Bite              |     4 |     6 ||    10
  Eat: Chunk             |       |     2 ||     2
Armor: Scale mail        |    19 |    15 ||    34
Dodge: Dodged            |    28 |    22 ||    50
Block: Shield            |    43 |    42 ||    85

Table legend:
 A = Non-vault XP
 B = Vault XP
 C = Vault XP percentage of total XP
 D = Non-vault monster count
 E = Vault monster count
 F = Vault count percentage of total count
                 A         B        C        D         E       F
            +---------+---------+-------+---------+---------+-------
      Total |     106 |      99 |  48.3 |      43 |       4 |   8.5
            +---------+---------+-------+---------+---------+-------
        D:1 |      29 |       0 |   0.0 |      22 |       0 |   0.0
        D:2 |      58 |       0 |   0.0 |      14 |       0 |   0.0
        D:3 |      19 |      99 |  83.9 |       7 |       4 |  36.4
            +---------+---------+-------+---------+---------+-------
